 Dungeon Crawl Stone Soup version 0.28.0-45-g0d030f2227 (webtiles) character file.

Game seed: 10842423258260884611

121 Jerry the Chucker (level 4, 0/41 HPs)
             Began as a Troll Hunter on Apr 4, 2022.
             Slain by Natasha (4 damage)
             ... on level 3 of the Dungeon.
             The game lasted 00:06:06 (2032 turns).

Jerry the Chucker (Troll Hunter)                    Turns: 2032, Time: 00:06:07

Health: 0/41       AC:  4    Str: 20    XL:     4   Next: 76%
Magic:  3/3        EV: 10    Int:  7    God:
Gold:   126        SH:  0    Dex: 12    Spells: 3/3 levels left

rFire   + . .      SeeInvis .   h - +2 whip (flame)
rCold   . . .      Faith    .   (no shield)
rNeg    . . .      Spirit   .   b - +0 robe
rPois   .          Reflect  .   (helmet restricted)
rElec   .          Harm     .   (no cloak)
rCorr   .          Rampage  .   (gloves unavailable)
Will    .....                   (boots unavailable)
Stlth   +.........              (no amulet)
HPRegen 0.93/turn               j - ring of protection from fire
MPRegen 0.08/turn               (no ring)

@: no status effects
A: large, unfitting armour, claws 3, regeneration 1, shaggy fur 1, tough skin 1
a: no special abilities


You were on level 3 of the Dungeon.
You visited 1 branch of the dungeon, and saw 3 of its levels.

You collected 126 gold pieces.

Inventory:

Hand Weapons
 a - a +0 short sword
 h - a +2 whip of flaming (weapon)
Missiles
 c - 5 large rocks (quivered)
 d - 2 throwing nets
Armour
 b - a +0 robe (worn)
Jewellery
 j - a ring of protection from fire (left claw)
 l - a ring of ice
Scrolls
 e - 2 scrolls of identify {unknown}
 f - a scroll of enchant weapon {unknown}
 i - a scroll of fear {unknown}
Potions
 g - a potion of lignification {unknown}
 k - a potion of heal wounds {unknown}


   Skills:
 - Level 1.5 Fighting
 * Level 2.0 Maces & Flails
 + Level 4.4 Throwing
 + Level 2.7 Dodging
 - Level 0.3 Stealth


You had 3 spell levels left.
You didn't know any spells.
Your spell library contained the following spells:

 Spells                   Type           Power      Damage    Failure   Level
 Static Discharge         Conj/Air       0%         N/A       56%         2
 Dazzling Flash           Conj/Hex       0%         N/A       80%         3
 Agony                    Necr           0%         N/A       100%        5
 Lightning Bolt           Conj/Air       0%         1d11      100%        5
 Silence                  Hex/Air        0%         N/A       100%        5
 Maxwell's Capacitive Co  Air            0%         ∞         100%        8


Dungeon Overview and Level Annotations

Branches:
Dungeon (3/15)

Altars:

Annotations:
D:3 Natasha


Innate Abilities, Weirdness & Mutations

You are too large for most types of armour.
You have claws for hands.
Your natural rate of healing is unusually fast.
You are covered in fur. (AC +1)
You have tough skin. (AC +1)


Message History

Natasha growls.
Natasha claws you. The orc hits you but does no damage.
Your Maces & Flails skill increases to level 2!
You closely miss Natasha. Natasha claws you.
* * * LOW HITPOINT WARNING * * *
The orc hits you but does no damage.
You hit Natasha. You burn Natasha.
Natasha is moderately wounded.
Natasha barely misses you. The orc closely misses you.
You barely miss Natasha.
Natasha is moderately wounded.
Natasha claws you!
* * * LOW HITPOINT WARNING * * *
The orc barely misses you. Natasha casts a spell at you.
The magic dart hits you.
* * * LOW HITPOINT WARNING * * *
Natasha casts a spell at you. The magic dart hits you.
* * * LOW HITPOINT WARNING * * *
The orc closely misses you.
You hit the orc. You burn the orc.
The orc is heavily wounded.
The orc misses you.
You hit the orc but do no damage.
The orc is heavily wounded.
Natasha casts a spell.
The orc barely misses you.
You hit the orc. You burn the orc.
You kill the orc!
Natasha closely misses you.
You barely miss Natasha.
Natasha is moderately wounded.
Natasha claws you.
* * * LOW HITPOINT WARNING * * *
The crimson imp spits at you.
You hit Natasha. You burn Natasha.
Natasha is severely wounded.
Natasha claws you.
You die...

.#............#
.......)......#
#.............###
#......)........# ....#
................##....#
#.....................#
##.............###....#
##..!........####....#
#......####5h@.#....#
#.....## ####......#
.>.....## #......#
.##.... #.#....# .
#....## ##.###..# .
#......######..###.## #
#....#....<)...#.. # #
##....†.....# #
#.........###


You could see Natasha and a crimson imp (summoned).

Vanquished Creatures
  An orc wizard (D:3)
  Robin (D:2)
  An adder (D:2)
  A worm (D:2)
  3 dart slugs
  2 orcs (D:3)
  6 ball pythons
  6 bats
  4 endoplasms
  4 giant cockroaches
  15 goblins
  3 hobgoblins
  3 quokkas
  A frilled lizard (D:2)
  2 kobolds
  5 rats
58 creatures vanquished.

Notes
Turn   | Place    | Note
-------+----------+-------------------------------------------
     0 | D:1      | Jerry the Troll Hunter began the quest for the Orb.
     0 | D:1      | Reached XP level 1. HP: 19/19 MP: 0/0
   217 | D:1      | Reached XP level 2. HP: 27/27 MP: 1/1
   643 | D:1      | Reached skill level 4 in Throwing
   707 | D:1      | Found a faded altar of an unknown god.
  1063 | D:2      | Reached XP level 3. HP: 24/33 MP: 2/2
  1496 | D:2      | Reached skill level 1 in Maces & Flails
  1822 | D:3      | Noticed Robin
  1859 | D:2      | Reached XP level 4. HP: 24/41 MP: 3/3
  1916 | D:2      | Killed Robin
  2006 | D:3      | Noticed Natasha
  2032 | D:3      | Slain by Natasha

Illustrated notes

Levels and vault maps discovered:
D:1:      dpeg_arrival_prison, layout_basic, shapermc_ecumenical_altar_petra
D:2:      layout_loops_corners
D:3:      layout_rooms, dk_yredelemnul_ordeal, columned_hall_lemuel, uniq_robin,
          uniq_natasha

Skill      XL: |  1  2  3  4 |
---------------+-------------+-----
Dodging        | 2 |  2.7
Throwing       | 4 |  4.4
Maces & Flails | 1 2 |  2.0
Fighting       | |  1.5
Stealth        | |  0.3

Action                   |  1- 3 |  4- 6 || total
-------------------------+-------+-------++-------
Melee: Short sword       |    78 |       ||    78
       Punch             |     2 |     1 ||     3
       Whip              |    53 |    63 ||   116
 Stab: Sleeping          |     1 |       ||     1
Armor: Robe              |    48 |    21 ||    69
Dodge: Dodged            |    74 |    43 ||   117
